 Dungeon Crawl Stone Soup version 0.22-a0-271-gc000056 (webtiles) character file.

3957 grindst0ne the Martial Artist (level 10, 0/96 HPs)
             Began as a Barachi Transmuter on Mar 12, 2018.
             Was an Initiate of Cheibriados.
             Slain by a wolf (3 damage)
             ... led by Grum
             ... on level 8 of the Dungeon on Mar 13, 2018.
             The game lasted 00:32:19 (8046 turns).

grindst0ne the Martial Artist (Barachi Transmuter)  Turns: 8046, Time: 00:32:21

Health: 0/96       AC:  6    Str: 17    XL:     10   Next: 21%
Magic:  14/16      EV: 10    Int: 19    God:    Cheibriados [......]
Gold:   141        SH:  0    Dex: 13    Spells: 2/17 levels left

rFire    x . .     SeeInvis .     - Unarmed
rCold    + + +     Gourm    .   (shield currently unavailable)
rNeg     . . .     Faith    .   (armour currently unavailable)
rPois    +         Spirit   .   (helmet currently unavailable)
rElec    .         Reflect  .   (cloak currently unavailable)
rCorr    .         Harm     .   (gloves currently unavailable)
MR       .....                  (boots currently unavailable)
Stlth    +.........             c - amulet of the acrobat
HPRegen  0.26/turn              u - ring of poison resistance
MPRegen  0.15/turn              h - +5 ring of strength

@: ice-form, very slow
A: large, +LOS, swims
a: End Transformation, Bend Time, Renounce Religion


You were on level 8 of the Dungeon.
You worshipped Cheibriados.
Cheibriados was noncommittal.
You were not hungry.
You were a creature of crystalline ice.
You visited 2 branches of the dungeon, and saw 9 of its levels.

You collected 414 gold pieces.
You spent 273 gold pieces at shops.

Inventory:

Missiles
 a - 51 arrows
Armour
 i - a +0 buckler of protection (melded)
 n - a +0 hat (melded)
 s - a +0 pair of boots (melded)
 y - a scarf of spirit shield (melded)
 B - a +0 pair of gloves (melded)
 D - a +0 robe of cold resistance (melded)
Jewellery
 c - an amulet of the acrobat (around neck)
 g - an uncursed ring of fire
 h - a +5 ring of strength (right front paw)
 j - an uncursed ring of protection from fire
 u - a ring of poison resistance (left front paw)
 v - an uncursed ring of protection from cold
Wands
 e - a wand of digging (5)
 l - a wand of flame (46)
 m - a wand of paralysis (8)
 C - a wand of random effects (27)
 F - a wand of iceblast (7)
Scrolls
 f - 2 scrolls of enchant weapon {unknown}
 k - a scroll of fog {unknown}
 o - 5 scrolls of remove curse
 p - a scroll of identify
 r - a scroll of immolation {unknown}
 t - a scroll of magic mapping
 w - 2 scrolls of enchant armour {unknown}
 E - 2 scrolls of blinking
 G - a scroll of teleportation
Potions
 b - 2 potions of berserk rage
 q - a potion of haste
 x - 4 potions of brilliance
 z - 2 potions of mutation
 A - 2 potions of agility {unknown}
 I - a potion of cancellation {unknown}
Comestibles
 d - 16 rations
 H - 2 chunks of flesh


   Skills:
 + Level 7.9 Fighting
 - Level 2.1 Dodging
 - Level 5.0 Shields
 + Level 8.2 Unarmed Combat
 - Level 4.1 Spellcasting
 + Level 7.5 Transmutations
 - Level 5.0 Ice Magic
 + Level 4.8 Evocations


You had 2 spell levels left.
You knew the following spells:

 Your Spells              Type           Power        Failure   Level  Hunger
a - Beastly Appendage     Tmut           ####..       1%          1    None
b - Sticks to Snakes      Tmut           ####....     1%          2    ##.....
c - Ice Form              Ice/Tmut       ####....     11%         4    ####...
d - Blade Hands           Tmut           ####......   17%         5    ######.
e - Spider Form           Tmut/Pois      ###.......   9%          3    ###....


Dungeon Overview and Level Annotations

Branches:
Dungeon (8/15)             Temple (1/1) D:7
   Lair: D:8-11

Altars:
Ashenzari
Cheibriados
Dithmenos
Elyvilon
Fedhas
Kikubaaqudgha
Makhleb
Nemelex Xobeh
Okawaru
Qazlal
Ru
Sif Muna
Uskayaw
Xom
The Shining One

Shops:
D:4 [   D:6 [

Annotations:
D:2 exclusion: downstairs
D:6 1 exclusion
D:8 Grum


Innate Abilities, Weirdness & Mutations

Shadows flee at your approach. (+LOS)
You can swim through water.
((You cover ground slowly.))
((You can hop short distances.))


Message History

A quasit comes into view.
The wolf completely misses you.
Okay, then.
Okay, then.
Evoke which item? (* to show all) (? for menu, Esc to quit)
You have no means to grasp a wand firmly enough.
You barely miss the wolf. The wolf bites you. Grum barely misses you.
The wolf barely misses you.
You punch the wolf! You freeze the wolf.
The wolf is severely wounded.
The wolf bites you but does no damage. Grum hits you from afar with a spear!
* * * LOW HITPOINT WARNING * * *
You closely miss the wolf.
The wolf is severely wounded.
The wolf bites you!
* * * LOW HITPOINT WARNING * * *
Grum hits you from afar with a spear.
* * * LOW HITPOINT WARNING * * *
The wolf bites you.
You die...

#.# h# #.# .# #†#
g# #.# .# ####.#
h# #....# h#
###....## .#
##.......#####.#
.........Yhghh5.#
####.......#######
###...### #...#
##.## .. ###


You could see Grum, 3 wolves and a quasit.

Vanquished Creatures
  A two-headed ogre (D:8)
  The ghost of Soeti the Sneak, a novice NaMo of Cheibriados (D:3)
  2 hornets
  The ghost of grindst0ne the Magician, an amateur DEAE (D:4)
  A human (D:7)
  3 hogs (D:7)
  2 orc warriors (D:6)
  2 phantoms (D:4)
  An ogre (D:7)
  A wolf (D:8)
  2 centaurs
  2 scorpions
  4 killer bees (D:7)
  3 crimson imps
  3 hounds
  5 orc priests
  5 orc wizards
  A bullfrog skeleton (D:5)
  3 worker ants
  A hound zombie (D:7)
  A worker ant zombie (D:6)
  10 adders
  A howler monkey skeleton (D:5)
  A shadow imp (D:6)
  An adder skeleton (D:5)
  A worm (D:3)
  3 dart slugs (D:1)
  2 leopard geckos
  14 orcs
  2 ball pythons
  3 giant cockroaches
  8 goblins
  6 hobgoblins
  12 jackals
  2 quokkas
  7 bats
  7 frilled lizards
  2 kobolds (D:3)
  A quokka zombie (D:6)
  11 rats
139 creatures vanquished.

Vanquished Creatures (collateral kills)
  2 ogres
  Blork the orc (D:5)
  A scorpion (D:6)
  A hound (D:6)
  An orc wizard (D:4)
  A leopard gecko (D:2)
  4 orcs
  3 jackals (D:6)
  A frilled lizard (D:3)
  A goblin (D:3)
16 creatures vanquished.

Grand Total: 155 creatures vanquished

Notes
Turn   | Place    | Note
-------+----------+-------------------------------------------
     0 | D:1      | grindst0ne the Barachi Transmuter began the quest for the Orb.
     0 | D:1      | Reached XP level 1. HP: 15/15 MP: 3/3
   139 | D:1      | Reached XP level 2. HP: 21/22 MP: 3/5
   157 | D:1      | Learned a level 2 spell: Sticks to Snakes
   649 | D:1      | Reached XP level 3. HP: 28/28 MP: 2/6
   791 | D:2      | Noticed a centaur
   808 | D:2      | Killed a centaur
   808 | D:2      | Reached skill level 4 in Unarmed Combat
   808 | D:2      | Reached XP level 4. HP: 24/35 MP: 0/7
  1299 | D:2      | Learned a level 4 spell: Ice Form
  1392 | D:2      | Reached XP level 5. HP: 36/41 MP: 6/8
  1998 | D:2      | Found a deep blue altar of Sif Muna.
  1998 | D:2      | Found a glowing golden altar of the Shining One.
  2087 | D:3      | Noticed Soeti's ghost (novice NaMo)
  2395 | D:3      | Killed Soeti's ghost
  2395 | D:3      | Reached skill level 5 in Unarmed Combat
  2395 | D:3      | Reached XP level 6. HP: 17/49 MP: 3/10
  2395 | D:3      | Reached XP level 7. HP: 19/55 MP: 3/11
  2603 | D:2      | Learned a level 5 spell: Blade Hands
  2717 | D:3      | Reached skill level 1 in Ice Magic
  3167 | D:4      | Noticed grindst0ne's ghost (amateur DEAE)
  3413 | D:4      | Killed grindst0ne's ghost
  3413 | D:4      | Reached skill level 5 in Fighting
  3413 | D:4      | Reached skill level 1 in Shields
  3504 | D:4      | Reached skill level 5 in Transmutations
  3982 | D:4      | Reached XP level 8. HP: 58/62 MP: 10/13
  4334 | D:4      | Found Ilerr's Antique Armour Shoppe.
  4353 | D:4      | Reached skill level 6 in Unarmed Combat
  4394 | D:4      | Bought a glowing scarf for 224 gold pieces
  4604 | D:5      | Entered Level 5 of the Dungeon
  4604 | D:5      | Found the +15 Maxwell's patent armour {-Cast -Tele rElec MR+ rCorr}
  4745 | D:5      | Noticed Blork the orc
  4755 | D:5      | Killed Blork the orc
  5157 | D:6      | Noticed a hornet
  5229 | D:6      | Found an ancient bone altar of Kikubaaqudgha.
  5240 | D:6      | Reached skill level 5 in Shields
  5688 | D:6      | Learned a level 3 spell: Spider Form
  5832 | D:6      | Found a white marble altar of Elyvilon.
  6000 | D:6      | Found Roufug's Armour Shop.
  6003 | D:6      | Bought a +0 pair of gloves for 49 gold pieces
  6161 | D:6      | Reached skill level 1 in Evocations
  6170 | D:6      | Killed a hornet
  6170 | D:6      | Reached XP level 9. HP: 54/69 MP: 4/15
  6463 | D:6      | Reached skill level 7 in Unarmed Combat
  7337 | D:7      | Found a staircase to the Ecumenical Temple.
  7344 | Temple   | Entered the Ecumenical Temple
  7401 | Temple   | Became a worshipper of Cheibriados the Contemplative
  7474 | D:7      | Found a sacrificial altar of Ru.
  7870 | D:8      | Found a shattered altar of Ashenzari.
  7876 | D:8      | Noticed a two-headed ogre
  7884 | D:8      | Killed a two-headed ogre
  7884 | D:8      | Reached skill level 8 in Unarmed Combat
  7884 | D:8      | Reached skill level 5 in Ice Magic
  7884 | D:8      | Reached XP level 10. HP: 80/80 MP: 11/16
  7924 | D:8      | Found a blossoming altar of Fedhas.
  8028 | D:8      | Noticed Grum
  8046 | D:8      | HP: 3/96 [Grum/spear (4)]
  8046 | D:8      | Slain by a wolf

Vault maps used:
D:1:      dpeg_arrival_windows_large_door, serial_bayou_crossing
D:2:      minmay_wonky_spiral, gammafunk_temple_overflow_wave, first_ration
D:4:      serial_shops, nicolae_shop_overgrown_old_shop
D:5:      uniq_blork_the_orc
D:6:      lemuel_doored_altar, serial_shops, nicolae_shop_behind_doors,
          basic_altar, hangedman_glass_teeth
D:7:      temple_statues, grunt_livestock, hangedman_ru_absence
D:8:      fedhas_altar_decomposition, cheibrodos_ashenzari_chains, minitemple,
          uniq_grum
Temple:   eino_wide_crystal_templ

Skill      XL: |  1  2  3  4  5  6  7  8  9 |
---------------+----------------------------+-----
Fighting       | 2 3 4 5 6 7 |  7.9
Unarmed Combat | 4 5 6 8 |  8.2
Transmutations | 3 4 5 7 |  7.5
Spellcasting   | 3 4 |  4.1
Ice Magic      | 3 5 |  5.0
Shields        | 1 5 |  5.0
Evocations     | 1 4 |  4.8
Dodging        | |  2.1

Action                   |  1- 3 |  4- 6 |  7- 9 | 10-12 || total
-------------------------+-------+-------+-------+-------++-------
Melee: Unarmed           |    60 |   117 |   385 |    18 ||   580
       Kick              |     8 |       |       |       ||     8
       Punch             |     3 |     4 |       |       ||     7
       Headbutt          |     3 |    10 |    34 |       ||    47
 Cast: Beastly Appendage |    15 |    17 |    38 |       ||    70
       Sticks to Snakes  |     4 |     6 |    44 |       ||    54
       Spider Form       |       |       |     1 |       ||     1
       Ice Form          |       |       |     9 |     2 ||    11
 Abil: Hop               |     1 |       |     2 |       ||     3
Evoke: Wand              |       |       |     2 |       ||     2
  Use: Potion            |       |     1 |     6 |       ||     7
       Scroll            |       |       |    15 |       ||    15
 Stab: Sleeping          |       |     1 |     2 |       ||     3
       Distracted        |       |       |     1 |       ||     1
       Paralysed         |       |       |     3 |       ||     3
  Eat: Chunk             |       |     3 |    21 |     1 ||    25
       Ration            |       |     1 |     1 |       ||     2
Armor: Robe              |     6 |    28 |    80 |       ||   114
       Skin              |       |       |    32 |     5 ||    37
Dodge: Dodged            |    53 |   133 |   240 |     9 ||   435
Block: Buckler           |       |       |    59 |       ||    59

Table legend:
 A = Spawn XP
 B = Non-spawn XP
 C = Spawn XP percentage of total XP
 D = Spawn monster count
 E = Non-spawn monster count
 F = Spawn count percentage of total count
 G = Total turns spent on level
                    A         B        C        D         E        F      G
               +---------+---------+-------+---------+---------+-------+---------
         Total |       0 |    5654 |   0.0 |       0 |     155 |   0.0 |  8046
               +---------+---------+-------+---------+---------+-------+---------
           D:1 |       0 |      45 |   0.0 |       0 |      20 |   0.0 |   643
           D:2 |       0 |     177 |   0.0 |       0 |      25 |   0.0 |  1740
           D:3 |       0 |     535 |   0.0 |       0 |      26 |   0.0 |  1029
           D:4 |       0 |     747 |   0.0 |       0 |      22 |   0.0 |  1192
           D:5 |       0 |     368 |   0.0 |       0 |      13 |   0.0 |   552
           D:6 |       0 |    1171 |   0.0 |       0 |      29 |   0.0 |  1563
           D:7 |       0 |    1217 |   0.0 |       0 |      14 |   0.0 |  1033
           D:8 |       0 |    1394 |   0.0 |       0 |       6 |   0.0 |   220
               +---------+---------+-------+---------+---------+-------+---------
